 Dungeon Crawl Stone Soup version 0.19.5 (webtiles) character file.

56 Chifra the Conjurer (level 3, 0/20 HPs)
             Began as a Deep Elf Conjurer on Apr 26, 2017.
             Killed by divine providence
             ... invoked by an orc priest
              (15 damage)
             ... on level 3 of the Dungeon.
             The game lasted 00:06:36 (2362 turns).

Chifra the Conjurer (Deep Elf Conjurer)             Turns: 2362, Time: 00:06:36

Health: 0/20       AC:  2    Str:  5    XL:     3   Next: 69%
Magic:  10/10      EV: 13    Int: 20    God:
Gold:   146        SH:  0    Dex: 15    Spells: 3 memorised, 3 levels left

rFire  . . .     SeeInvis +     h - +0 short sword
rCold  . . .     Gourm    .     a - +0 robe
rNeg   . . .     Faith    .     (no shield)
rPois  +         Spirit   .     (no helmet)
rElec  .         Reflect  .     (no cloak)
rCorr  .         Harm     .     (no gloves)
MR     .....                    (no boots)
Stlth  ++........               (no amulet)
                                p - ring of see invisible
                                i - ring of poison resistance

@: no status effects
A: no striking features
a: no special abilities


You were on level 3 of the Dungeon.
You were hungry.

You visited 1 branch of the dungeon, and saw 3 of its levels.

You collected 146 gold pieces.

Inventory:

Hand Weapons
 h - a +0 short sword (weapon)
Armour
 a - a +0 robe (worn)
Jewellery
 i - a ring of poison resistance (left hand)
 p - a ring of see invisible (right hand)
Wands
 n - a wand of acid (11/15)
 o - a wand of random effects (9/48)
Scrolls
 d - 7 scrolls of remove curse
 e - 2 scrolls of identify {unknown}
 j - 2 scrolls of enchant weapon {unknown}
 k - a scroll of recharging {unknown}
 l - a scroll of blinking {unknown}
Potions
 f - 2 potions of haste {unknown}
 m - a potion of brilliance {unknown}
Books
 b - a book of Conjurations

   Spells                             Type                      Level
   a - Magic Dart                     Conjuration                  1
   b - Searing Ray                    Conjuration                  2
   c - Dazzling Spray                 Conjuration/Hexes            3
   d - Fulminant Prism                Conjuration/Hexes            4
   e - Iskenderun's Mystic Blast      Conjuration                  4
   f - Iskenderun's Battlesphere      Conjuration/Charms           5
Comestibles
 c - a bread ration
 g - a meat ration
 q - 3 chunks of flesh


   Skills:
 + Level 1.0 Fighting
 + Level 3.3 Dodging
 + Level 2.7 Stealth
 + Level 3.5 Spellcasting
 * Level 4.8 Conjurations
 + Level 0.6 Hexes


You had 3 spell levels left.
You knew the following spells:

 Your Spells              Type           Power        Failure   Level  Hunger
a - Magic Dart            Conj           ###.         1%          1    None
b - Searing Ray           Conj           ###...       2%          2    ##.....
c - Dazzling Spray        Conj/Hex       ##....       14%         3    ###....


Dungeon Overview and Level Annotations

Branches:
Dungeon (3/15)

Altars:
Elyvilon


Message History

You see here a quokka skeleton.
There is an open door here.
You open the door.
An adder, 2 orcs, an orc priest and an orc wizard come into view.
The orc shouts!
The orc wizard shouts!
Found a scroll labeled YZUSUD CUXTE.
The orc shouts!
The orc priest shouts!
You hit the orc wizard but do no damage.
You close the door.
An orc opens the door.
The orc wizard miscasts a cantrip.
Okay, then.
Okay, then.
The orc wizard hits you with a dagger. The adder closely misses you.
The adder bites you.
The orc wizard looks satisfied for a moment.
The orc priest calls down the wrath of Beogh upon you.
Beogh smites you!
Ouch! That really hurt!
You die...

#............##.....###.....##
#............#...(...#.......#
#............#...(...#.......#
####.##......#.......#.......#
##....#......##.....###..รท..##
##...........###...## ##...##
....)..........##'#######'#######
#............<....o..............
#...........##..@S...oo..........
.............#........o..........
.............####'#######'#######
....##.......###...## ...#
.............##.....## .....#
.............#.......#.......#
.............#.......#.......#
...........#.#...[...#...?...#
...........#.##.....###.....##


You could see an orc priest, an orc wizard, an adder and 2 orcs.

Vanquished Creatures
  A worm (D:2)
  3 leopard geckos
  An orc (D:2)
  3 giant cockroaches
  A goblin (D:2)
  10 hobgoblins
  5 jackals (D:1)
  A quokka (D:3)
  A ball python (D:1)
  4 bats (D:2)
  6 frilled lizards
  6 kobolds
  4 rats
46 creatures vanquished.

Notes
Turn   | Place    | Note
-------+----------+-------------------------------------------
     0 | D:1      | Chifra the Deep Elf Conjurer began the quest for the Orb.
     0 | D:1      | Reached XP level 1. HP: 10/10 MP: 6/6
   179 | D:1      | Reached XP level 2. HP: 15/15 MP: 2/8
   188 | D:1      | Learned a level 2 spell: Searing Ray
  1346 | D:2      | Reached XP level 3. HP: 20/20 MP: 4/9
  1356 | D:2      | Learned a level 3 spell: Dazzling Spray
  2039 | D:3      | Reached skill level 1 in Fighting
  2081 | D:3      | Found a white marble altar of Elyvilon.
  2362 | D:3      | Killed from afar by an orc priest

Skill      XL: |  1  2  3 |
---------------+----------+-----
Dodging        | 3 |  3.3
Fighting       | 1 |  1.0
Stealth        | |  2.7
Spellcasting   | |  3.5
Conjurations   | |  4.8
Hexes          | |  0.6

Action                   || total
-------------------------++-------
Melee: Unarmed           ||    11
       Short sword       ||     8
 Cast: Magic Dart        ||    58
       Searing Ray       ||    10
  Use: Scroll            ||     1
 Stab: Sleeping          ||     3
  Eat: Chunk             ||     4
Armor: Robe              ||     4
Dodge: Dodged            ||    42
